 Dungeon Crawl Stone Soup version 0.31-a0-1626-g5cb510d322 (webtiles) character file.

Game seed: 10485439773146422443

724 Malachi the Changeling (level 7, 0/54 HPs)
             Began as a Merfolk Shapeshifter on Jan 12, 2024.
             Slain by an iguana (14 damage)
             ... on level 5 of the Dungeon.
             The game lasted 00:05:07 (4714 turns).

Malachi the Changeling (Merfolk Shapeshifter)       Turns: 4714, Time: 00:05:07

Health: 0/54       AC:  3    Str: 20    XL:     7   Next: 71%
Magic:  7/7        EV: 14    Int:  9    God:
Gold:   203        SH:  0    Dex: 14    Spells: 6/6 levels left

rFire   . .          .
                       - Unarmed
rCold   . . .        (no shield)
rNeg    + . .        w - +1 robe of Freedom {rElec rN+ Str+4}
rPois   .            (helmet currently unavailable)
rElec   +            (cloak currently unavailable)
rCorr   .            (gloves currently unavailable)
SInv    .            (boots currently unavailable)
Will    .....        (no amulet)
Stlth   +            (no ring)
HPRegen 0.29/turn    (no ring)
MPRegen 0.10/turn

%: no passive effects
@: beast-form
A: beast (slay +4), (nimble swimmer 2), mertail
a: Begin Untransformation


You were on level 5 of the Dungeon.
You were a hulking beast.
You visited 1 branch of the dungeon, and saw 5 of its levels.

You collected 203 gold pieces.

Inventory:

Missiles
 r - 2 throwing nets (quivered)
Armour
 o - a +0 pair of boots
 p - a +1 ring mail
 t - a +0 hat
 w - the +1 robe of Freedom (worn) {rElec rN+ Str+4}
   (You took it off a goblin on level 4 of the Dungeon)

   Str+4:     It affects your strength (+4).
   rElec:     It insulates you from electricity.
   rN+:       It protects you from negative energy.
Jewellery
 u - a ring of resist corrosion
Talismans
 c - a beast talisman
 d - a flux talisman
 i - a storm talisman
Wands
 b - a wand of flame (13)
Scrolls
 a - a scroll of brand weapon {unknown}
 f - a scroll of enchant armour
 g - a scroll of revelation
 h - a scroll of identify {unknown}
 j - 2 scrolls of enchant weapon
 k - a scroll of fear {unknown}
 l - a scroll of amnesia {unknown}
 n - 2 scrolls of immolation {unknown}
 s - a scroll of teleportation {unknown}
Potions
 e - a potion of curing
 m - 2 potions of heal wounds {unknown}
 q - 3 potions of enlightenment {unknown}
 v - a potion of lignification


   Skills:
 + Level 4.1 Fighting
 + Level 5.5 Dodging
 + Level 5.2 Unarmed Combat
 * Level 7.3 Shapeshifting


You had 6 spell levels left.
You didn't know any spells.
Your spell library contained the following spells:

 Spells                   Type           Power      Damage    Failure   Level
 Ensorcelled Hibernation  Hex/Ice        0%         N/A       52%         2
 Passwall                 Erth           0%         N/A       77%         3
 Swiftness                Air            0%         N/A       77%         3


Dungeon Overview and Level Annotations

Branches:
Dungeon (5/15)
 Temple: D:4-7

Altars:
Kikubaaqudgha
Xom


Innate Abilities, Weirdness & Mutations

You are a hulking beast.
Your limbs bulge with bestial killing power. (Slay +4)
((You are very nimble when in or above water. (Stealth+, EV+, Speed+++)))
Your lower body shifts to a powerful aquatic tail in water.


Message History

The iguana closely misses you. The orc hits you with a +0 whip.
You hit the iguana but do no damage. Something barely misses you.
The orc closely misses you. The iguana closely misses you.
The orc closely misses you.
You closely miss the iguana. The orc barely misses you. Something hits you.
The orc misses you. The iguana bites you.
You punch the iguana!
The iguana is moderately wounded.
Something hits you. The iguana barely misses you. The orc closely misses you.
The orc barely misses you.
You barely miss the iguana.
The iguana is moderately wounded.
You hit the iguana.
The iguana is severely wounded.
Something hits you. The iguana bites you. The orc misses you. x2
You completely miss the iguana.
The iguana is severely wounded.
The orc hits you with a +0 short sword.
You hear some strange, mumbled words.
Something tries to affect you, but you resist.
The orc hits you but does no damage. The iguana closely misses you.
You are too injured to fight recklessly!
You are too injured to fight recklessly!
You are too injured to fight recklessly!
You are too injured to fight recklessly!
You are too injured to fight recklessly!
You closely miss the iguana.
The iguana is severely wounded.
Something hits you. The orc hits you with a +0 whip.
The iguana closely misses you. The orc misses you.
You hit the iguana.
The iguana is severely wounded.
Something completely misses you. The iguana bites you!
* * * LOW HITPOINT WARNING * * *
The orc misses you. The orc hits you but does no damage.
Found a stone staircase leading down.
The iguana attacks as it pursues you! The iguana barely misses you.
There is a stone staircase leading up here.
Something barely misses you. The iguana bites you!
You die...

#....# .# #....##.#
##........
......... .........
#........ ####
##...#.... ###..##
#.........
##.....###oh.......
........o.l##.....
#........## .###
#).)...## #
#.<.....# ##.##..##
#####.... ......
........


You could see an iguana and 2 orcs.

Vanquished Creatures
  An ogre (D:3)
  A phantom (D:5)
  2 scorpions (D:4)
  A howler monkey (D:4)
  2 bombardier beetles (D:4)
  A centaur zombie (D:3)
  A jelly (D:4)
  An orc wizard (D:3)
  A hound zombie (D:3)
  Robin (D:4)
  3 adders
  4 gnolls
  An adder skeleton (D:3)
  3 dart slugs
  3 ribbon worms
  10 orcs
  5 endoplasms
  3 giant cockroaches
  19 goblins
  12 hobgoblins
  5 jackals
  3 quokkas
  7 ball pythons
  10 bats
  4 frilled lizards
  A jackal skeleton (D:3)
  4 kobolds
  7 rats
116 creatures vanquished.

Vanquished Creatures (others)
  2 orc wizards (D:3)
2 creatures vanquished.

Grand Total: 118 creatures vanquished

Notes
Turn   | Place    | Note
-------+----------+-------------------------------------------
     0 | D:1      | Malachi the Merfolk Shapeshifter began the quest for the
                  | Orb.
     0 | D:1      | Reached XP level 1. HP: 15/15 MP: 1/1
   117 | D:1      | Reached XP level 2. HP: 18/21 MP: 2/2
   430 | D:1      | Reached XP level 3. HP: 27/27 MP: 3/3
  1669 | D:2      | Reached XP level 4. HP: 33/33 MP: 4/4
  2076 | D:3      | Reached skill level 5 in Shapeshifting
  2147 | D:3      | Noticed an ogre
  2157 | D:3      | Killed an ogre
  2158 | D:3      | Reached XP level 5. HP: 26/39 MP: 5/5
  2353 | D:3      | Reached XP level 6. HP: 35/46 MP: 6/6
  2560 | D:3      | Found a shimmering altar of Xom.
  2728 | D:3      | Reached skill level 6 in Shapeshifting
  4064 | D:4      | Reached skill level 5 in Dodging
  4064 | D:4      | Reached XP level 7. HP: 51/52 MP: 7/7
  4127 | D:4      | Noticed Robin
  4130 | D:4      | Identified the +1 robe of Freedom {rElec rN+ Str+4}
  4143 | D:4      | Killed Robin
  4421 | D:4      | Reached skill level 5 in Unarmed Combat
  4483 | D:4      | Reached skill level 7 in Shapeshifting
  4659 | D:4      | Found an ancient bone altar of Kikubaaqudgha.
  4691 | D:5      | Entered Level 5 of the Dungeon
  4714 | D:5      | Slain by an iguana

Illustrated notes

Levels and vault maps discovered:
D:1:      dpeg_arrival_subterranean_lakeside_camping, layout_loops_ring,
          nrook_mini_vaults
D:2:      layout_basic
D:3:      layout_loops_ring, xom_teletrap_fun, serial_undead, serial_undead_e,
          serial_undead_e, serial_undead_e, serial_undead_a, serial_undead_f,
          serial_undead_b, chequers_serial_rivers_marsh, corexii_shack,
          grunt_ministairs_4, serial_park_tiny_1
D:4:      minmay_razor_zed, layout_basic, mainiacjoe_overflow_alcove_1,
          uniq_robin
D:5:      gammafunk_steamed_eel, layout_cave_pools, serial_shops,
          nicolae_shop_crystal, nicolae_ossuary_entry_ruins,
          portal_sewer_entry_f, uniq_menkaure

Skill      XL: |  1  2  3  4  5  6  7 |
---------------+----------------------+-----
Dodging        | 3 4 5 |  5.5
Fighting       | 2 3 4 |  4.1
Unarmed Combat | 4 5 |  5.2
Shapeshifting  | 5 6 7 |  7.3

Action                     |  1- 3 |  4- 6 |  7- 9 || total
---------------------------+-------+-------+-------++-------
  Melee: Unarmed           |   104 |   165 |    79 ||   348
         Punch             |       |     7 |     4 ||    11
  Evoke: Wand              |       |     2 |       ||     2
    Use: Potion            |       |     1 |     1 ||     2
         Scroll            |       |     3 |     1 ||     4
   Stab: Sleeping          |     3 |       |       ||     3
 Armour: Animal skin       |    58 |       |       ||    58
         Ring mail         |       |    87 |    16 ||   103
         Skin              |       |    17 |       ||    17
         Robe              |       |       |    27 ||    27
  Dodge: Dodged            |    82 |    68 |    62 ||   212

Table legend: (Time is in decaauts)
 A = Elapsed time spent in this place.
 B = Non-inter-level travel time spent in this place.
 C = Inter-level travel time spent in this place.
 D = Time resting spent in this place.
 E = Time spent auto-exploring this place.
 F = Levels seen in this place.
 G = Mean time per level.
                   A        B        C        D        E       F      G
               +--------+--------+--------+--------+--------+-----+--------+
         Total |   4672 |   4384 |    288 |   1206 |   2410 |   5 |  934.4 |
       Dungeon |   4672 |   4384 |    288 |   1206 |   2410 |   5 |  934.4 |
               +--------+--------+--------+--------+--------+-----+--------+

Top non-repeatable levels by time:
     D:4: 1309 daAuts
     D:2: 1286 daAuts
     D:3: 1105 daAuts
     D:1: 949 daAuts
     D:5: 21 daAuts
